 Dungeon Crawl Stone Soup version 0.31-a0-1144-g99969ba1bc (webtiles) character file.

Game seed: 1930524132023440167

756 Inarius the Chopper (level 7, -8/54 HPs)
             Began as a Demonspawn Fighter on Dec 6, 2023.
             Was a Believer of Makhleb.
             Mangled by an ogre
             ... wielding a +0 giant club
              (22 damage)
             ... on level 5 of the Dungeon.
             The game lasted 00:03:40 (3354 turns).

Inarius the Chopper (Demonspawn Fighter)            Turns: 3354, Time: 00:03:41

Health: -8/54      AC: 14    Str: 18    XL:     7   Next: 50%
Magic:  9/9        EV:  9    Int:  9    God:    Makhleb [**....]
Gold:   278        SH:  4    Dex: 12    Spells: 6/6 levels left

rFire   . . .        a - +0 war axe
rCold   . . .        c - +0 buckler
rNeg    . . .        b - +0 scale mail
rPois   .            (helmet restricted)
rElec   .            (no cloak)
rCorr   .            e - +0 pair of gloves
SInv    .            (no boots)
Will    .....        (no amulet) Stlth
                     g - +4 ring of protection
HPRegen 0.29/turn    p - +4 ring of slaying
MPRegen 0.11/turn

%: no passive effects
@: no status effects
A: antennae 1, thin metallic scales 1, ignite blood 1
a: Renounce Religion, Minor Destruction


You were on level 5 of the Dungeon.
You worshipped Makhleb.
Makhleb was pleased with you.
You visited 1 branch of the dungeon, and saw 5 of its levels.

You collected 278 gold pieces.

Inventory:

Hand Weapons
 a - a +0 war axe (weapon)
Missiles
 o - 2 throwing nets
Armour
 b - a +0 scale mail (worn)
 c - a +0 buckler (worn)
 e - a +0 pair of gloves (worn)
Jewellery
 g - a +4 ring of protection (left hand)
 n - a ring of willpower
 p - a +4 ring of slaying (right hand)
 r - a ring of protection from fire
Scrolls
 f - 2 scrolls of fog {unknown}
 i - 5 scrolls of identify {unknown}
 j - 2 scrolls of fear {unknown}
 k - a scroll of revelation {unknown}
 q - a scroll of blinking {unknown}
 t - a scroll of summoning {unknown}
 w - a scroll of noise {unknown}
Potions
 d - a potion of lignification {unknown}
 h - a potion of curing
 l - a potion of cancellation {unknown}
 m - a potion of haste {unknown}
 s - a potion of invisibility {unknown}
 u - a potion of resistance {unknown}
 v - a potion of degeneration {unknown}


   Skills:
 + Level 4.0 Fighting
 * Level 6.3 Axes
 + Level 3.7 Armour
 + Level 3.1 Shields
 * Level 2.9 Invocations


You had 6 spell levels left.
You didn't know any spells.
Your spell library contained the following spells:

 Spells                   Type           Power      Damage    Failure   Level
 Magic Dart               Conj           0%         1d3       85%         1
 Call Imp                 Summ           0%         N/A       94%         2
 Mephitic Cloud           Conj/Pois/Air  0%         N/A       99%         3


Dungeon Overview and Level Annotations

Branches:
Dungeon (5/15)             Temple (0/1) D:4

Altars:
Makhleb
Vehumet


Innate Abilities, Weirdness & Mutations

You have a pair of small antennae on your head.
You are partially covered in thin metallic scales. (AC +2)
Your demonic aura sometimes causes spilled blood to erupt in flames.


Message History

A nearby plant withers and dies.
There is an open door here.
You see here an adder skeleton.
There is a stone staircase leading down here.
You climb downwards.
You hear the hiss of flowing sand.
There is an entrance to an ossuary on this level.
Hurry and find it before the portal is buried!
Found a scroll labelled KIUCEO IMUA.
There is a stone staircase leading up here.
You aren't carrying any items that you can evoke.
Unknown command.
Unknown command.
Aiming: Minor Destruction (6% risk of failure)
Press: ? - help, Shift-Dir - straight line, f - ogre
Aim: an ogre, wielding a +0 giant club The zap hits the ogre.
The ogre is lightly wounded.
You hit the ogre.
The ogre is moderately wounded.
A centaur comes into view.
The ogre hits you with a +0 giant club!!
Ouch! That really hurt!
You barely miss the ogre.
The ogre is moderately wounded.
The centaur wields a +0 orcbow.
The centaur shoots an arrow.
The arrow completely misses you.
You hit the ogre.
The ogre is moderately wounded.
The centaur shoots an arrow.
The arrow barely misses you. You block the ogre's attack.
You slash the ogre!
The ogre is severely wounded.
The centaur shoots an arrow.
The arrow hits you!
* * * LOW HITPOINT WARNING * * *
The ogre barely misses you.
The centaur shoots an arrow.
The arrow hits you but does no damage.
The centaur shoots an arrow.
The arrow hits you.
* * * LOW HITPOINT WARNING * * *
The ogre hits you with a +0 giant club!!
You die...

# #. ..
.###### #
.#.#. .# #
... ..
#.#.#.#.#.#
#...O@....#
##........?..
#....#..###.
#....#..#
....... ...
.##.c..# .###
# ##.### # ..


You could see an ogre and a centaur.

Vanquished Creatures
  Grinder (D:3)
  An ice beast (D:3)
  A kobold brigand (D:4)
  2 scorpions (D:4)
  A howler monkey (D:4)
  An iguana (D:3)
  4 gnolls (D:3)
  8 adders
  3 worms (D:3)
  7 dart slugs
  5 bats
  4 endoplasms
  6 giant cockroaches
  9 goblins
  2 hobgoblins (D:1)
  4 jackals (D:2)
  28 kobolds
  A quokka (D:1)
  5 ball pythons
  6 frilled lizards
  5 rats
104 creatures vanquished.

Notes
Turn   | Place    | Note
-------+----------+-------------------------------------------
     0 | D:1      | Inarius the Demonspawn Fighter began the quest for the Orb.
     0 | D:1      | Reached XP level 1. HP: 18/18 MP: 1/1
    85 | D:1      | Reached skill level 2 in Axes
    86 | D:1      | Gained mutation: Your demonic aura sometimes causes spilled
                  | blood to erupt in flames. [demonic ancestry]
    86 | D:1      | Reached XP level 2. HP: 22/24 MP: 2/2
   407 | D:1      | Reached XP level 3. HP: 29/29 MP: 3/3
   814 | D:2      | Identified the +0 mace of Ashenzari's Pride {drain, Str+3
                  | Int+5 Dex+3}
  1056 | D:2      | Reached skill level 3 in Axes
  1215 | D:3      | Found a burning altar of Makhleb.
  1224 | D:3      | Became a worshipper of Makhleb the Destroyer
  1319 | D:3      | Noticed Grinder
  1346 | D:3      | Killed Grinder
  1347 | D:3      | Reached skill level 4 in Axes
  1347 | D:3      | Reached skill level 1 in Invocations
  1347 | D:3      | Reached XP level 4. HP: 17/35 MP: 3/5
  1347 | D:3      | Gained mutation: You have a pair of small antennae on your
                  | head. [demonic ancestry]
  1347 | D:3      | Reached XP level 5. HP: 20/41 MP: 3/6
  1514 | D:3      | Gained mutation: You are partially covered in thin metallic
                  | scales. (AC +2) [demonic ancestry]
  1514 | D:3      | Reached XP level 6. HP: 47/47 MP: 7/7
  1681 | D:3      | Noticed an ice beast
  1696 | D:3      | Killed an ice beast
  1697 | D:3      | Reached skill level 5 in Axes
  1753 | D:3      | Reached * piety under Makhleb
  2335 | D:4      | Reached XP level 7. HP: 53/53 MP: 8/8
  2524 | D:4      | Found a staircase to the Ecumenical Temple.
  2605 | D:4      | Found a radiant altar of Vehumet.
  2891 | D:4      | Reached skill level 6 in Axes
  3034 | D:4      | Reached ** piety under Makhleb
  3347 | D:5      | Entered Level 5 of the Dungeon
  3354 | D:5      | Mangled by an ogre

Illustrated notes

Levels and vault maps discovered:
D:1:      heliophobic_arrival_battle_scene, layout_rooms,
          minmay_worlds_worst_comb
D:2:      layout_basic, serial_bayou, serial_bayou_pond_d,
          serial_bayou_crossing, serial_bayou_pond_b, serial_bayou_pond_d
D:3:      minmay_bubble_buster, layout_loops_ring, bloody_makhleb, uniq_grinder
D:4:      kennysheep_kobold_camp, layout_loops_corners,
          mainiacjoe_overflow_boulevard, minmay_temple_entry_junction_2
D:5:      due_chaos_kobolds, layout_basic, gup_ossuary_entry_pyramid,
          grunt_ministairs_2, uniq_crazy_yiuf_cottage

Skill      XL: |  1  2  3  4  5  6  7 |
---------------+----------------------+-----
Axes           | 2 4 5 6 |  6.3
Armour         | 3 |  3.7
Shields        | 3 |  3.1
Invocations    | 1 2 |  2.9
Fighting       | 4 |  4.0

Action                     |  1- 3 |  4- 6 |  7- 9 || total
---------------------------+-------+-------+-------++-------
  Melee: War axe           |   113 |    79 |    93 ||   285
 Invoke: Minor Destruction |       |       |     1 ||     1
    Use: Potion            |     4 |       |       ||     4
 Armour: Scale mail        |    91 |    48 |    47 ||   186
  Dodge: Dodged            |    46 |    35 |    35 ||   116
  Block: Buckler           |    20 |    11 |    12 ||    43

Table legend: (Time is in decaauts)
 A = Elapsed time spent in this place.
 B = Non-inter-level travel time spent in this place.
 C = Inter-level travel time spent in this place.
 D = Time resting spent in this place.
 E = Time spent auto-exploring this place.
 F = Levels seen in this place.
 G = Mean time per level.
                   A        B        C        D        E       F      G
               +--------+--------+--------+--------+--------+-----+--------+
         Total |   3455 |   3356 |     99 |    106 |   2567 |   5 |  691.0 |
       Dungeon |   3455 |   3356 |     99 |    106 |   2567 |   5 |  691.0 |
               +--------+--------+--------+--------+--------+-----+--------+

Top non-repeatable levels by time:
     D:4: 1165 daAuts
     D:3: 1012 daAuts
     D:2: 735 daAuts
     D:1: 534 daAuts
     D:5: 7 daAuts
